AoeStats
← AndresB818

Arena

508320882Analyzed
2v2 RM · 9d ago on Sep 21, 2026· 50m 44s· 4 players
Game mode
Random Map
Map size
Medium (4 player)
Population
200
Speed
Normal
Resources
Standard
Victory
Conquest
Starting age
Dark Age
Ending age
Imperial Age
RankedLock teamsTeams togetherTeam positionsShared explorationLock speedFull tech treeHidden civsTurbo modeCheats
Victory
Defeat
🇦🇷 Teutons · Argentina
986
+11
🇦🇷 Spanish · Argentina
901
+14
🇨🇴 Slavs · Colombia
892
-14
🇨🇴 Georgians · Colombia
839
-11
AndresB818
11:06 Feudal Age
15:00 Castle Age
13:47 Double-Bit Axe
15:07 Loom
15:06 Horse Collar
30:00 Imperial Age
28:28 Bloodlines
29:19 Wheelbarrow
29:24 Gambesons
29:40 Squires
29:00 Pikeman
29:55 Heavy Plow
30:09 Bow Saw
30:31 Scale Barding Armor
30:27 Scale Mail Armor
30:30 Cavalier
31:37 Conscription
33:12 Chemistry
31:56 Halberdier
32:38 Gold Mining
33:37 Paladin
35:06 Ballistics
36:34 Chain Barding Armor
36:30 Chain Mail Armor
36:25 Forging
41:22 Plate Barding Armor
41:18 Plate Mail Armor
41:23 Iron Casting
44:27 Iron Casting
LinkStated
11:54 Feudal Age
13:05 Double-Bit Axe
15:08 Loom
19:37 Castle Age
18:54 Wheelbarrow
18:08 Horse Collar
18:55 Town Watch
19:41 Gold Mining
20:32 Pikeman
22:16 Bow Saw
29:18 Heavy Plow
32:11 Hand Cart
34:12 Town Patrol
37:53 Imperial Age
36:33 Husbandry
36:44 Bloodlines
39:14 Conscription
39:53 Cavalier
40:58 Stone Mining
42:15 Two-Man Saw
42:05 Conscription
41:07 Elite Conquistador
41:46 Paladin
46:21 Conscription
46:48 Scale Barding Armor
46:54 Forging
46:50 Padded Archer Armor
46:42 Fletching
47:20 Ballistics
Deathhorse
11:33 Feudal Age
12:51 Wheelbarrow
12:05 Double-Bit Axe
12:30 Horse Collar
18:01 Castle Age
17:29 Bloodlines
17:33 Gold Mining
19:23 Heavy Plow
19:51 Scale Barding Armor
22:27 Husbandry
24:16 Pikeman
29:02 Devotion
29:39 Chain Barding Armor
31:50 Hand Cart
31:52 Forging
31:59 Squires
31:44 Arson
38:11 Imperial Age
38:44 Iron Casting
38:11 Stone Mining
38:37 Bow Saw
38:17 Halberdier
46:35 Plate Barding Armor
HAN SOLO
10:56 Feudal Age
11:42 Double-Bit Axe
16:46 Castle Age
15:04 Stone Mining
14:59 Horse Collar
21:44 Loom
23:40 Wheelbarrow
23:22 Gold Mining
23:44 Heavy Plow
24:44 Man-at-Arms
26:17 Scale Mail Armor
25:44 Long Swordsman
27:28 Squires
28:18 Gold Shaft Mining
29:01 Hand Cart
29:25 Forging
29:35 Chain Mail Armor
30:03 Town Watch
34:27 Imperial Age
32:14 Fletching
32:25 Padded Archer Armor
33:01 Iron Casting
32:31 Scale Barding Armor
33:58 Iron Casting
32:56 Elite Skirmisher
33:54 Detinets
34:51 Bodkin Arrow
35:12 Leather Archer Armor
35:23 Ballistics
36:17 Caravan
38:49 Chemistry
37:50 Elite Boyar
41:06 Blast Furnace
40:56 Town Patrol
42:59 Chain Barding Armor
43:17 Ring Archer Armor
43:25 Pikeman
45:29 Plate Mail Armor
45:34 Plate Barding Armor
44:41 Halberdier
Connection lost

Rejoining the realm…

Still unreachable

The connection could not be restored.

Session expired

The server has moved on; the page needs a fresh start.